 Dungeon Crawl Stone Soup version 0.31.0-11-ge490571c62 (webtiles) character file.

Game seed: 12051881774984128177

306 qw the Ducker (level 6, -1/30 HPs)
             Began as a Spriggan Hunter on Feb 3, 2024.
             Incinerated by a bombardier beetle (5 damage)
             ... with a burning spray
             ... on level 4 of the Dungeon.
             The game lasted 00:00:10 (2253 turns).

qw the Ducker (Spriggan Hunter)                     Turns: 2253, Time: 00:00:11

Health: -1/30      AC:  2    Str:  7    XL:     6   Next: 16%
Magic:  7/7        EV: 27    Int: 11    God:
Gold:   154        SH:  0    Dex: 23    Spells: 5/5 levels left

rFire   . . .        a - +1 shortbow
rCold   + . .        (shield currently unavailable)
rNeg    . . .        c - +0 robe
rPois   .            (helmet restricted)
rElec   .            (no cloak)
rCorr   .            (gloves unavailable)
SInv    +            (boots unavailable)
Will    +....        (no amulet)
Stlth   +            f - ring "Hiqel" {rC+ Dex+3}
HPRegen 0.25/turn    b - +5 ring of evasion
MPRegen 0.10/turn

%: no passive effects
@: on fire, glowing, very quick
A: very small, no large weapons, unfitting armour, see invisible, speed 3
a: no special abilities


You were on level 4 of the Dungeon.
You visited 1 branch of the dungeon, and saw 4 of its levels.

You collected 154 gold pieces.


Innate Abilities, Weirdness & Mutations

You are very small and have problems with some larger weapons.
You are too small for most types of armour.
You have supernaturally acute eyesight. (SInv)
You cover ground extremely quickly. (Speed+++)


   Skills:
 - Level 2.2 Fighting
 + Level 5.8 Ranged Weapons
 - Level 6.0 Dodging
 - Level 1.5 Stealth


You had 5 spell levels left.
You didn't know any spells.
Your spell library was empty.

Inventory:

Hand Weapons
 a - a +1 shortbow (weapon)
Armour
 c - a +0 robe (worn)
Jewellery
 b - a +5 ring of evasion (right hand)
 f - the ring "Hiqel" (left hand) {rC+ Dex+3}
   (You found it on level 2 of the Dungeon)

   [ring of protection from cold]

   Dex+3:     It affects your dexterity (+3).
   rC+:       It protects you from cold.
Wands
 l - a wand of quicksilver (4)
Scrolls
 k - a scroll of enchant armour {unknown}
Potions
 d - 2 potions of curing
 e - 2 potions of might
 g - a potion of heal wounds {unknown}
 h - a potion of enlightenment {unknown}
 i - a potion of mutation {unknown}
 j - a potion of magic {unknown}

Dungeon Overview and Level Annotations

Branches:
Dungeon (4/15)
 Temple: D:4-7

Altars:
Kikubaaqudgha
Xom
Yredelemnul

Annotations:
D:1 2 runed translucent doors
D:4 2 transporters, Menkaure


Message History

The adder moves out of view.
You shoot an arrow. The arrow hits the bombardier beetle.
The bombardier beetle is heavily wounded.
You shoot an arrow. The arrow closely misses the adder.
The adder completely misses you. x2
You shoot an arrow. The arrow hits the adder.
The adder is moderately wounded.
The adder bites you.
You are poisoned.
The adder poisons you!
You shoot an arrow. The arrow hits the adder!
You kill the adder!
You feel sick.
You shoot an arrow. The arrow hits the bombardier beetle.
The bombardier beetle is heavily wounded.
You feel sick.
You shoot an arrow. The arrow hits the bombardier beetle.
The bombardier beetle is heavily wounded.
You feel sick.
The bombardier beetle sprays incendiary fluid at you.
The burning spray hits you.
You are covered in liquid fire!
You shoot an arrow.
The arrow barely misses the bombardier beetle.
The liquid fire burns you!
You feel sick.
You shoot an arrow. The arrow hits the bombardier beetle!
You kill the bombardier beetle!
The liquid fire burns you!
You feel sick.
You are on fire!
The liquid fire burns you!
You feel sick.
You are no longer poisoned.
Menkaure blazes with dark energy!
You are on fire!
The liquid fire burns you!
You are on fire!
The liquid fire burns you!
You die...

#.#$.###.###..#.#...#.####
##.#_.#8#.#8#..#.....#....#######
#..#=..........#..#######........
..^#}....^....M#^....#....#.##.##
#..#M..........#..#..#.####.##.#
##.#_.#8#.#8#..#.##..# #.##.##
#.#$.###.###..#.# ... #.##..#
##.#).........Z#.# #### #.###.#
...#..Z.......Z#@# #.# #.#
#..#############.%....# #.###.#
#......................# #..[...
#.##.......####......... #......
>.............+.........+.......#
..##.#.####+###+###+###.###.....#
#.##.#.##..#....... #.#...#
...#)#)##..#....... #.#...#
#...))..'..'###+### #.#...#


You could see Menkaure, a water moccasin skeleton and a hound skeleton.

Vanquished Creatures
  2 bombardier beetles (D:4)
  A jelly (D:4)
  Terence (D:2)
  An iguana (D:4)
  3 gnolls (D:4)
  5 adders
  A dart slug (D:4)
  2 ribbon worms (D:3)
  4 orcs
  6 ball pythons
  8 endoplasms
  7 giant cockroaches
  6 goblins
  9 hobgoblins
  3 jackals (D:4)
  2 quokkas (D:1)
  9 bats
  A frilled lizard (D:2)
  7 kobolds
  3 rats
81 creatures vanquished.

Notes
Turn   | Place    | Note
-------+----------+-------------------------------------------
     0 | D:1      | qw the Spriggan Hunter began the quest for the Orb.
     0 | D:1      | Reached XP level 1. HP: 10/10 MP: 2/2
     0 | D:1      | 0 ||| qw: Version: 0.3-a-157-g843a77d
     0 | D:1      | 0 ||| qw: Game counter: 3704
     0 | D:1      | 0 ||| qw: Melee chars always use a shield: true
     0 | D:1      | 0 ||| qw: God list: Okawaru
     0 | D:1      | 0 ||| qw: Allow faded altars: false
     0 | D:1      | 0 ||| qw: Do Orc after clearing Dungeon:15 true
     0 | D:1      | 0 ||| qw: Do second Lair branch before Depths: true
     0 | D:1      | 0 ||| qw: Lair rune preference: random
     0 | D:1      | 0 ||| qw: Goals: Normal
     0 | D:1      | 0 ||| PLANNING D:1-11
    43 | D:1      | Reached skill level 3 in Dodging
    56 | D:1      | Found a large runed translucent door.
    56 | D:1      | Found a large runed translucent door.
    57 | D:1      | Noticed an orc warrior
    64 | D:1      | Noticed an orc wizard
    65 | D:1      | Noticed an orc wizard
    80 | D:1      | Reached XP level 2. HP: 14/14 MP: 3/3
   199 | D:1      | Reached skill level 4 in Dodging
   315 | D:1      | Found a faded altar of an unknown god.
   329 | D:1      | Reached XP level 3. HP: 18/18 MP: 4/4
   770 | D:1      | 770 ||| READING scroll labelled DAICUKHLA VOEB.
   784 | D:1      | 784 ||| READING scroll labelled HUUNLI SUGEO.
   785 | D:1      | 785 ||| READING scroll labelled LOMMAY POOBO.
   785 | D:1      | 785 ||| ENCHANTING +0 shortbow.
   786 | D:1      | 786 ||| READING scroll labelled XONNOS CAOCOSU.
   787 | D:1      | 787 ||| DRINKING 2 dark potions.
   788 | D:1      | 788 ||| DROPPING scroll of butterflies.
  1052 | D:2      | Noticed Terence
  1066 | D:2      | Killed Terence
  1067 | D:2      | Reached XP level 4. HP: 14/22 MP: 5/5
  1101 | D:2      | Identified the ring "Hiqel" {rC+ Dex+3}
  1474 | D:2      | 1474 ||| DROPPING scarf of shadows.
  1475 | D:2      | 1475 ||| UPGRADING to ring "Hiqel" {rC+ Dex+3}.
  1476 | D:2      | 1476 ||| READING scroll labelled SEBEIRU GULE.
  1476 | D:2      | 1476 ||| IDENTIFYING bubbling coppery potion
  1477 | D:2      | 1477 ||| DRINKING 2 cyan potions.
  1478 | D:2      | 1478 ||| DROPPING potion of attraction.
  1829 | D:3      | Reached skill level 5 in Dodging
  1932 | D:3      | 1932 ||| UPGRADING to +5 ring of evasion.
  1933 | D:3      | 1933 ||| DROPPING +6 ring of intelligence.
  1934 | D:3      | 1934 ||| DRINKING 2 fuming cyan potions.
  1935 | D:3      | 1935 ||| DROPPING potion of invisibility.
  1997 | D:4      | Found a transporter.
  2044 | D:4      | Reached XP level 5. HP: 26/26 MP: 6/6
  2090 | D:4      | Found a shimmering altar of Xom.
  2123 | D:4      | Reached skill level 6 in Dodging
  2147 | D:4      | Found a basalt altar of Yredelemnul.
  2149 | D:4      | Noticed Menkaure
  2183 | D:4      | Reached XP level 6. HP: 27/30 MP: 7/7
  2183 | D:4      | 2183 ||| FLEEEEING.
  2206 | D:4      | Found an ancient bone altar of Kikubaaqudgha.
  2208 | D:4      | Found a transporter.
  2251 | D:4      | HP: 7/30 [burnt (4)]
  2253 | D:4      | Incinerated by a bombardier beetle

Levels and vault maps discovered:
D:1:      erik_arrival_cave_to_civilisation [erik_arrival_cave_to_temple],
          layout_basic, basic_ecumenical_altar, minmay_misc_feat_five
D:2:      layout_basic, minmay_distorted, uniq_terence
D:3:      layout_rooms, nrook_mini_backslash, serial_bayou_pond_e
D:4:      minmay_door_path, layout_loops_corners, gammafunk_temple_of_torment,
          kennysheep_mini, mainiacjoe_overflow_24_doors, minmay_surrounded

Skill      XL: |  1  2  3  4  5 |
---------------+----------------+-----
Dodging        | 3 4 5 6 |  6.0
Ranged Weapons | 5 |  5.8
Fighting       | 2 |  2.2
Stealth        | |  1.5

Action                     |  1- 3 |  4- 6 || total
---------------------------+-------+-------++-------
   Fire: Shortbow          |   105 |   128 ||   233
    Use: Scroll            |     4 |     1 ||     5
         Potion            |     1 |     2 ||     3
 Armour: Robe              |    15 |    11 ||    26
  Dodge: Dodged            |    33 |    74 ||   107

Table legend:
 A = Non-vault XP
 B = Vault XP
 C = Vault XP percentage of total XP
 D = Non-vault monster count
 E = Vault monster count
 F = Vault count percentage of total count
                 A         B        C        D         E       F
            +---------+---------+-------+---------+---------+-------
      Total |     345 |      93 |  21.2 |      70 |      11 |  13.6
            +---------+---------+-------+---------+---------+-------
        D:1 |      45 |       4 |   8.2 |      26 |       2 |   7.1
        D:2 |      48 |      37 |  43.5 |      15 |       2 |  11.8
        D:3 |      42 |       0 |   0.0 |      14 |       0 |   0.0
        D:4 |     210 |      52 |  19.8 |      15 |       7 |  31.8
            +---------+---------+-------+---------+---------+-------
